 Dungeon Crawl Stone Soup version 0.30-a0-354-g6b83867211 (webtiles) character file.

Game seed: 10747856844911696938

1208 Sweetruy1997 the Chopper (level 8, -4/70 HPs)
             Began as a Hill Orc Fighter on Nov 8, 2022.
             Slain by a gnoll bouda
             ... wielding a +0 whip
              (11 damage)
             ... on level 5 of the Dungeon.
             The game lasted 00:10:50 (4239 turns).

Sweetruy1997 the Chopper (Hill Orc Fighter)         Turns: 4239, Time: 00:10:50

Health: -4/70      AC: 12    Str: 24    XL:     8   Next: 45%
Magic:  8/8        EV: 14    Int:  8    God:
Gold:   389        SH:  7    Dex: 12    Spells: 7/7 levels left

rFire   . . .      SeeInvis .    s - +8 spear of the Telling Big Fish {vorpal, *Rage rC+ Str+5}
rCold   + . .      Faith    .    c - +2 buckler
rNeg    . . .      Spirit   .    b - +0 scale mail
rPois   .          Reflect  .    o - +1 hat
rElec   .          Harm     .    h - +2 cloak
rCorr   .          Rampage  .    i - +0 pair of gloves
Will    .....      Rage     20%  (no boots)
Stlth   ..........               (no amulet)
HPRegen 0.31/turn                n - +4 ring of evasion
MPRegen 0.11/turn                (no ring)

@: on berserk cooldown, slowed, very slow
A: no striking features
a: no special abilities


You were on level 5 of the Dungeon.
You visited 1 branch of the dungeon, and saw 5 of its levels.
You also visited: Sewer.

You collected 389 gold pieces.

Inventory:

Hand Weapons
 a - a +1 war axe
 s - the +8 spear of the Telling Big Fish (weapon) {vorpal, *Rage rC+ Str+5}
   (You found it on level 4 of the Dungeon)

   It inflicts extra damage upon your enemies.
   Str:       It affects your strength (+5).
   rC:        It protects you from cold.
   *Rage:     It berserks you when you make melee attacks (+20% chance).
Armour
 b - a +0 scale mail (worn)
 c - a +2 buckler (worn)
 h - a +2 cloak (worn)
 i - a +0 pair of gloves (worn)
 o - a +1 hat (worn)
Jewellery
 n - a +4 ring of evasion (left hand)
Scrolls
 d - a scroll of fog {unknown}
 f - 2 scrolls of blinking {unknown}
 g - a scroll of summoning {unknown}
 j - a scroll of poison {unknown}
 k - 4 scrolls of teleportation
 r - a scroll of vulnerability {unknown}
Potions
 e - 3 potions of curing
 l - 2 potions of attraction
 m - 2 potions of heal wounds
 p - 4 potions of flight
 q - a potion of ambrosia {unknown}


   Skills:
 + Level 5.6 Fighting
 - Level 7.4(8.3) Axes
 + Level 4.7(6.2) Polearms
 - Level 5.0 Armour
 + Level 2.1 Dodging
 + Level 0.5 Stealth
 - Level 5.0 Shields


You had 7 spell levels left.
You didn't know any spells.
Your spell library contained the following spells:

 Spells                   Type           Power      Damage    Failure   Level
 Dazzling Flash           Conj/Hex       0%         N/A       98%         3
 Hailstorm                Conj/Ice       0%         3d3       98%         3
 Inner Flame              Hex/Fire       0%         N/A       98%         3
 Portal Projectile        Hex/Tloc       0%         N/A       98%         3
 Tukima's Dance           Hex            0%         N/A       98%         3
 Flame Wave               Conj/Fire      0%         2d4       100%        4
 Ice Form                 Ice/Tmut       0%         N/A       100%        4
 Iskenderun's Mystic Bla  Conj/Tloc      0%         2d3       100%        4
 Sticky Flame             Conj/Fire      0%         2d3       100%        4
 Blade Hands              Tmut           0%         N/A       100%        5
 Simulacrum               Ice/Necr       0%         N/A       100%        6
 Starburst                Conj/Fire      0%         6d3       100%        6


Dungeon Overview and Level Annotations

Branches:
Dungeon (5/15)             Temple (0/1) D:5           Sewer (visited)

Altars:
Cheibriados
Sif Muna


Message History

You puncture Menkaure!
Menkaure is almost destroyed.
Menkaure hits you! The gnoll barely misses you. Menkaure hits you.
You are too injured to fight recklessly!
You feel much better.
A gnoll comes into view. It is wielding a +0 whip.
Menkaure calls on the powers of darkness!
The gnoll bouda convulses!
Your body is wracked with pain!
The gnoll convulses! x3
The gnoll shouts!
You block the gnoll's attack.
You hit Menkaure.
You destroy Menkaure!
The gnoll hits you but does no damage. You block the gnoll's attack.
The gnoll barely misses you.
The gnoll hits you from afar with a +0 halberd.
You puncture the gnoll!
You kill the gnoll!
The gnoll bouda hits you with a +0 whip!
* * * LOW HITPOINT WARNING * * *
The gnoll closely misses you.
You closely miss the gnoll bouda.
The gnoll bouda is heavily wounded.
An ice beast comes into view.
The gnoll bouda hits you with a +0 whip.
* * * LOW HITPOINT WARNING * * *
The gnoll closely misses you.
The gnoll bouda hits you with a +0 whip.
* * * LOW HITPOINT WARNING * * *
You puncture the gnoll!
You kill the gnoll!
The gnoll hits you from afar with a +0 halberd!
* * * LOW HITPOINT WARNING * * *
The gnoll bouda calls upon its god to heal the gnoll.
The gnoll's wounds heal themselves!
You closely miss the gnoll bouda.
The gnoll bouda is heavily wounded.
The gnoll misses you.
An iguana comes into view.
The gnoll bouda hits you with a +0 whip!
You die...

.............?
..............
#####..............
l.............>....
..Y.##....(........
.?...g.............. #
.......g.........#..###.
##...)@.......#.#....#.
.#...........###.##.....
..............#.........
##.##.##.##.............#
#.../.....#.#..........##
........(.....###.......)#.
..#..⌠...⌠..#.##........)..
#.........##.....#.......
......>.......#...####.##.


You could see an ice beast, a gnoll bouda, an iguana (wandering) and a gnoll
(swift).

Vanquished Creatures
  The ghost of avis the Chiller, an amateur DgIE (D:4)
  Grinder (D:5)
  Menkaure (D:5)
  The ghost of Palms the Caller, an amateur DESu (D:3)
  A scorpion (D:5)
  A howler monkey (D:5)
  A bullfrog zombie (D:3)
  A centaur zombie (D:3)
  A hound (D:5)
  Natasha (thrice) (D:2)
  9 gnolls
  12 adders
  5 river rats (Sewer)
  An ufetubus (D:5)
  2 worms (Sewer)
  5 dart slugs
  8 ball pythons
  11 endoplasms
  3 giant cockroaches
  16 hobgoblins
  11 jackals
  2 quokkas
  9 bats
  6 frilled lizards
  18 goblins
  10 kobolds
  A rat (D:3)
141 creatures vanquished.

Vanquished Creatures (others)
  2 withered plants (D:4)
2 creatures vanquished.

Grand Total: 143 creatures vanquished

Notes
Turn   | Place    | Note
-------+----------+-------------------------------------------
     0 | D:1      | Sweetruy1997 the Hill Orc Fighter began the quest for the
                  | Orb.
     0 | D:1      | Reached XP level 1. HP: 19/19 MP: 1/1
    97 | D:1      | Reached XP level 2. HP: 20/27 MP: 2/2
   199 | D:1      | Reached skill level 3 in Axes
   244 | D:1      | Reached XP level 3. HP: 27/33 MP: 3/3
   933 | D:2      | Noticed Natasha
   940 | D:2      | Killed Natasha
   941 | D:2      | Reached XP level 4. HP: 32/40 MP: 4/4
   944 | D:2      | Noticed Natasha
   951 | D:2      | Killed Natasha
   952 | D:2      | Reached skill level 4 in Axes
  1188 | D:2      | Noticed Natasha
  1199 | D:2      | Killed Natasha
  1200 | D:2      | Reached skill level 5 in Axes
  1200 | D:2      | Reached XP level 5. HP: 37/46 MP: 5/5
  1958 | D:3      | Found a snail-covered altar of Cheibriados.
  2041 | D:3      | Found a runed translucent gate.
  2041 | D:3      | Found a runed translucent gate.
  2041 | D:3      | Found a runed translucent gate.
  2113 | D:3      | Reached XP level 6. HP: 52/52 MP: 6/6
  2304 | D:3      | Noticed Palms's ghost (amateur DESu)
  2395 | D:3      | Killed Palms's ghost
  2396 | D:3      | Reached skill level 6 in Axes
  2539 | D:4      | Reached skill level 1 in Dodging
  2561 | D:4      | Found a glowing drain.
  2572 | Sewer    | Entered a sewer
  2782 | Sewer    | Reached skill level 7 in Axes
  2831 | Sewer    | Reached XP level 7. HP: 50/60 MP: 7/7
  2881 | Sewer    | Gained mutation: You have large cloven feet. [potion of
                  | mutation]
  2881 | Sewer    | Lost mutation: You have large cloven feet. [potion of
                  | mutation]
  3638 | D:4      | Identified the +8 spear of the Telling Big Fish {vorpal,
                  | *Rage rC+ Str+5}
  3785 | D:4      | Found a runed translucent door.
  3786 | D:4      | Noticed avis's ghost (amateur DgIE)
  3901 | D:4      | Found a shimmering blue altar of Sif Muna.
  3963 | D:4      | Killed avis's ghost
  3964 | D:4      | Reached skill level 5 in Fighting
  3964 | D:4      | Reached skill level 1 in Polearms
  3964 | D:4      | Reached skill level 5 in Shields
  4026 | D:5      | Entered Level 5 of the Dungeon
  4029 | D:5      | Noticed Grinder
  4042 | D:5      | Paralysed by Grinder for 5 turns
  4048 | D:5      | Killed Grinder
  4049 | D:5      | Reached skill level 5 in Armour
  4049 | D:5      | Reached XP level 8. HP: 29/68 MP: 8/8
  4192 | D:5      | Found a staircase to the Ecumenical Temple.
  4228 | D:5      | Noticed Menkaure
  4235 | D:5      | Killed Menkaure
  4239 | D:5      | Slain by a gnoll bouda

Illustrated notes

Levels and vault maps discovered:
D:1:      psy_arrival_conway, layout_basic, minmay_box_of_dots
D:2:      layout_basic, uniq_natasha
D:3:      layout_basic, old_standard_altar, gammafunk_ghost_necromancy
D:4:      kennysheep_the_goblin_king, layout_gridville,
          lemuel_coloured_pillars_altar, portal_sewer_entry_d,
          gammafunk_ghost_grave
D:5:      layout_cave_pools, nicolae_elyvilon_temple_path,
          pdpol_wu_jian_five_deadly_venoms, minmay_temple_entry_large_hall,
          minmay_checkerbox, uniq_grinder, uniq_menkaure

Skill      XL: |  1  2  3  4  5  6  7  8 |
---------------+-------------------------+-----
Axes           | 3 5 7 |  7.4
Shields        | 4 5 |  5.0
Armour         | 4 5 |  5.0
Fighting       | 4 5 |  5.6
Dodging        | 1 2 |  2.1
Polearms       | 3 4 |  4.7
Stealth        | |  0.5

Action                   |  1- 3 |  4- 6 |  7- 9 || total
-------------------------+-------+-------+-------++-------
Melee: War axe           |    77 |   164 |    67 ||   308
       Spear             |       |       |    65 ||    65
  Use: Scroll            |       |    10 |       ||    10
       Potion            |       |     1 |     5 ||     6
Armor: Scale mail        |    33 |    68 |    54 ||   155
Dodge: Dodged            |    42 |   103 |   104 ||   249
Block: Buckler           |    17 |    47 |    48 ||   112

Table legend: (Time is in decaauts)
 A = Elapsed time spent in this place.
 B = Non-inter-level travel time spent in this place.
 C = Inter-level travel time spent in this place.
 D = Time resting spent in this place.
 E = Time spent auto-exploring this place.
 F = Levels seen in this place.
 G = Mean time per level.
                   A        B        C        D        E       F      G
               +--------+--------+--------+--------+--------+-----+--------+
         Total |   4559 |   4475 |     84 |    269 |   2953 |   6 |  759.8 |
       Dungeon |   3494 |   3410 |     84 |    269 |   2323 |   5 |  698.8 |
         Sewer |   1065 |   1065 |      0 |      0 |    630 |   1 | 1065.0 |
               +--------+--------+--------+--------+--------+-----+--------+

Top non-repeatable levels by time:
   Sewer: 1065 daAuts
     D:1: 963 daAuts
     D:2: 833 daAuts
     D:3: 739 daAuts
     D:4: 734 daAuts
     D:5: 224 daAuts
